 Dungeon Crawl Stone Soup version 0.27.0-1-g7a089689b8 (webtiles) character file.

Game seed: 8404045105611429283

1336 ABBCCCDDDD the Ducker (level 8, -3/58 HPs)
             Began as an Octopode Berserker on Aug 17, 2021.
             Was a Believer of Trog.
             Killed by nerve-wracking pain
             ... invoked by Grinder
              (4 damage)
             ... on level 6 of the Dungeon.
             The game lasted 00:05:11 (5357 turns).

ABBCCCDDDD the Ducker (Octopode Berserker)          Turns: 5357, Time: 00:05:12

Health: -3/58      AC:  1    Str: 19    XL:     8   Next: 61%
Magic:  0/8        EV: 15    Int:  9    God:    Trog [**....]
Gold:   210        SH:  0    Dex: 11    Spells: 7/7 levels left

rFire    . . .     SeeInvis .     - Unarmed
rCold    . . .     Faith    .   (no shield)
rNeg     . . .     Spirit   +   (helmet restricted)
rPois    .         Reflect  .   l - amulet of guardian spirit
rElec    .         Harm     .   (no ring)
rCorr    .         Rampage  .   (no ring)
Will     .....                  (no ring)
Stlth    ++........             (no ring)
HPRegen  0.19/turn              (no ring)
MPRegen  0.11/turn              (no ring)
                                (no ring)
                                (no ring)

@: on berserk cooldown, hasted and slowed
A: almost no armour, amphibious, 8 rings, camouflage 1, gelatinous body 1,
(nimble swimmer 1), tentacles
a: Renounce Religion, Berserk, Trog's Hand


You were on level 6 of the Dungeon.
You worshipped Trog.
Trog was pleased with you.
You visited 1 branch of the dungeon, and saw 6 of its levels.

You collected 210 gold pieces.

Inventory:

Hand Weapons
 j - the +6 hand axe of Niryh {protect, rN+ Str+3}
   (You found it on level 4 of the Dungeon)

   It grants its wielder temporary protection when it strikes (+7 to AC).
   Str:       It affects your strength (+3).
   rN:        It protects you from negative energy.
Jewellery
 l - an amulet of guardian spirit (around mantle)
Wands
 o - a wand of flame (20)
Scrolls
 a - 3 scrolls of identify {unknown}
 b - a scroll of fear {unknown}
 d - 2 scrolls of teleportation {unknown}
 g - 2 scrolls of immolation {unknown}
 h - a scroll of vulnerability {unknown}
 i - a scroll of blinking {unknown}
Potions
 c - a potion of curing
 f - a potion of ambrosia {unknown}
 k - a potion of degeneration {unknown}
 m - a potion of mutation {unknown}
 n - a potion of flight {unknown}


   Skills:
 + Level 6.6 Fighting
 + Level 6.6 Dodging
 + Level 6.6 Unarmed Combat


You had 7 spell levels left.
You didn't know any spells.
Your spell library was empty.

Dungeon Overview and Level Annotations

Branches:
Dungeon (7/15)
 Temple: D:4-7

Altars:
Ashenzari
Makhleb
Okawaru
Yredelemnul

Annotations:
D:6 Grinder


Innate Abilities, Weirdness & Mutations

You cannot wear most types of armour.
You are amphibious.
You can wear up to eight rings at the same time.
Your skin changes colour to match your surroundings (Stealth+).
Your rubbery body absorbs attacks. (AC +1, EV +1)
((You are camouflaged near water. (Stealth+)))
You have tentacles for arms and can constrict up to eight enemies at once.


Message History

You destroy the wyvern zombie!
Trog accepts your kill.
Deactivating autopickup; reactivate with Ctrl-A.
You bludgeon something! Your squeeze misses something. Something hits you.
You closely miss something. Something hits you! Something hits you!
Grinder blinks!
You feel a strong urge to attack something.
Something hits you.
You are no longer berserk.
You are exhausted.
You feel yourself slow down.
Grinder says, "Just stop there for a second..."
A centaur comes into view.
Something hits you.
Grinder says, "DUCK!"
Found a wand of flame (19).
Okay, then.
Okay, then.
Something hits you! Something hits you. Grinder hits you.
You writhe in agony.
Grinder says, "Are you a fish?" Grinder closely misses you. Something hits you.
Something hits you! Grinder gestures at you. Pain shoots through your body!
* * * LOW HITPOINT WARNING * * *
It was a potion of curing.
You feel better. Something hits you. Grinder barely misses you.
It was a potion of haste.
You feel yourself speed up. Something hits you!
* * * LOW HITPOINT WARNING * * *
Grinder hits you.
* * * LOW HITPOINT WARNING * * *
You writhe in agony.
* * * LOW HITPOINT WARNING * * *
Something hits you.
* * * LOW HITPOINT WARNING * * *
Grinder gestures at you. Pain shoots through your body!
You die...

.......##.#..
......#..#..#
............
#....##.#...
##....>..... #..
#..>.....# ....
##.......# #....
##........##....
#..@5..........
#.....##.......##.
#..##<#.......## ###
#.##......####...
#<.................
.................##.
##...#####.##...##
#...# ##.# #..##
.... #..##:...#


You could see Grinder.

Levels and vault maps discovered:
D:1:      kennysheep_arrival_forest, layout_rooms
D:2:      layout_basic, shapermc_ecumenical_altar_venn
D:3:      layout_loops_ring, mainiacjoe_overflow_two_lobes
D:4:      layout_basic, mainiacjoe_overflow_boulevard,
          mainiacjoe_overflow_concentric_impassable, uniq_pikel
D:6:      layout_cave_pools, uniq_grinder, uniq_duvessa
D:7:      minmay_recursive_quarters, layout_gridville, nicolae_ru_path_of_blood,
          makhleb_grotto_becter

Notes
Turn   | Place    | Note
-------+----------+-------------------------------------------
     0 | D:1      | ABBCCCDDDD the Octopode Berserker began the quest for the
                  | Orb.
     0 | D:1      | Reached XP level 1. HP: 16/16 MP: 1/1
   579 | D:1      | Reached XP level 2. HP: 21/21 MP: 2/2
  1057 | D:2      | Reached XP level 3. HP: 26/26 MP: 3/3
  1153 | D:2      | Noticed a black bear
  1160 | D:2      | Killed a black bear
  1161 | D:2      | Reached XP level 4. HP: 33/33 MP: 4/4
  1161 | D:2      | Reached XP level 5. HP: 37/37 MP: 5/5
  1237 | D:2      | Found a faded altar of an unknown god.
  2499 | D:3      | Reached ** piety under Trog
  2692 | D:3      | Found a basalt altar of Yredelemnul.
  2719 | D:3      | Found a broken altar of Ashenzari.
  3842 | D:4      | Reached XP level 6. HP: 44/44 MP: 6/6
  3911 | D:4      | Found an iron altar of Okawaru.
  3915 | D:4      | Identified the +6 hand axe of Niryh {protect, rN+ Str+3}
  3923 | D:4      | You fall into a shaft and drop 3 floors!
  3995 | D:7      | Found a burning altar of Makhleb.
  3999 | D:7      | Reached skill level 5 in Dodging
  3999 | D:7      | Reached skill level 5 in Unarmed Combat
  4034 | D:7      | Reached skill level 5 in Fighting
  4034 | D:7      | Reached XP level 7. HP: 50/50 MP: 7/7
  4507 | D:7      | Reached XP level 8. HP: 57/57 MP: 8/8
  5326 | D:6      | Noticed Grinder
  5357 | D:6      | HP: 1/58 [something (4)]
  5357 | D:6      | Killed from afar by Grinder

Table legend: (Time is in decaauts)
 A = Elapsed time spent in this place.
 B = Non-inter-level travel time spent in this place.
 C = Inter-level travel time spent in this place.
 D = Time resting spent in this place.
 E = Time spent auto-exploring this place.
 F = Levels seen in this place.
 G = Mean time per level.
                   A        B        C        D        E       F      G
               +--------+--------+--------+--------+--------+-----+--------+
         Total |   5492 |   5241 |    251 |   2018 |   2792 |   6 |  915.3 |
       Dungeon |   5492 |   5241 |    251 |   2018 |   2792 |   6 |  915.3 |
               +--------+--------+--------+--------+--------+-----+--------+

Top non-repeatable levels by time:
     D:3: 1475 daAuts
     D:7: 1447 daAuts
     D:2: 1342 daAuts
     D:1: 942 daAuts
     D:4: 241 daAuts
     D:6: 43 daAuts

Table legend:
 A = Kills in this place as a percentage of kills in entire the game.
 B = Kills by you in this place as a percentage of kills by you in the entire game.
 C = Kills by friends in this place as a percentage of kills by friends in the entire game.
 D = Other kills in this place as a percentage of other kills in the entire game.
 E = Experience gained in this place as a percentage of experience gained in the entire game.
 F = Experience gained in this place divided by the number of levels of this place that you have seen.
                   A       B       C       D       E      F
               +-------+-------+-------+-------+-------+----------------------
         Total | 100.0 | 100.0 |   N/A |   N/A | 100.0 | 318.2
       Dungeon | 100.0 | 100.0 |   N/A |   N/A | 100.0 | 318.2
               +-------+-------+-------+-------+-------+----------------------

Action                   |  1- 3 |  4- 6 |  7- 9 || total
-------------------------+-------+-------+-------++-------
Melee: Unarmed           |    42 |    64 |    55 ||   161
       Constrict         |    10 |     9 |     4 ||    23
       Tentacles         |     6 |    12 |    15 ||    33
       Punch             |     2 |       |     5 ||     7
Invok: Berserk           |     2 |    10 |     6 ||    18
  Use: Potion            |       |       |     2 ||     2
 Stab: Sleeping          |     3 |     6 |     1 ||    10
Armor: Skin              |     4 |     6 |       ||    10
Dodge: Dodged            |    23 |    24 |    23 ||    70

Vanquished Creatures
  A steam dragon (D:7)
  2 ice beasts (D:7)
  2 sky beasts (D:7)
  A black bear (D:2)
  2 ogres
  A phantom (D:7)
  A bullfrog (D:7)
  A wyvern zombie (D:6)
  A scorpion (D:4)
  A wyvern skeleton (D:7)
  A howler monkey (D:4)
  A crimson imp (D:7)
  A bullfrog skeleton (D:7)
  A jelly (D:7)
  A hound (D:7)
  2 orc wizards
  3 adders
  A white imp (D:7)
  2 worms (D:3)
  2 orcs (D:3)
  7 endoplasms
  3 goblins
  5 hobgoblins
  2 jackals (D:3)
  5 kobolds
  2 quokkas
  3 ball pythons
  4 bats
  4 frilled lizards
  2 rats
65 creatures vanquished.
